 Dungeon Crawl Stone Soup version 0.18-a0-1314-g2549be2 (webtiles) character file.

177 Herrn the Cudgeler (level 5, -2/39 HPs)
             Began as a Demonspawn Wanderer on Feb 15, 2016.
             Slain by a gnoll
             ... wielding a +0 whip
              (7 damage)
             ... on level 1 of the Dungeon.
             The game lasted 00:06:24 (2210 turns).

Herrn the Cudgeler (Demonspawn Wanderer)            Turns: 2210, Time: 00:06:24

Health: -2/39      AC:  7    Str: 11    XL:     5   Next: 31%
Magic:  6/6        EV: 13    Int: 15    God:
Gold:   99         SH:  0    Dex: 12    Spells: 0 memorised, 4 levels left

rFire  . . .     SeeInvis .     b - +0 mace
rCold  . . .     Gourm    .     d - +0 robe
rNeg   . . .     Faith    .     (no shield)
rPois  .         Spirit   .     (no helmet)
rElec  .         Dismiss  .     (no cloak)
rCorr  .         Reflect  .     (no gloves)
SustAt .         Harm     .     l - +0 pair of boots
MR     .....                    (no amulet)
Stlth  +.........               (no ring)
                                (no ring)

@: not resistant to hostile enchantments, very unstealthy
A: rough black scales 1, demonic guardian 1
a: no special abilities


You were on level 1 of the Dungeon.
You were hungry.

You visited 1 branch of the dungeon, and saw 2 of its levels.

You collected 99 gold pieces.

Inventory:

Hand Weapons
 b - a +0 mace (weapon)
Armour
 d - a +0 robe (worn)
 l - a +0 pair of boots (worn)
Scrolls
 c - a scroll of teleportation
 g - a scroll of remove curse {unknown}
 k - 2 scrolls of amnesia {unknown}
Potions
 e - a potion of mutation {unknown}
 m - a potion of brilliance {unknown}
 n - a potion of degeneration {unknown}
 p - a potion of lignification {unknown}
Miscellaneous
 a - a box of beasts {used: 1}
Comestibles
 f - a bread ration
 h - a beef jerky
 j - a meat ration


   Skills:
 * Level 2.6 Fighting
 * Level 3.6 Maces & Flails
 + Level 2.9 Armour
 * Level 3.0 Dodging
   Level 1.0 Shields
 * Level 1.6 Evocations


You had 4 spell levels left.
You didn't know any spells.

Dungeon Overview and Level Annotations

Branches:
Dungeon (2/15)

Altars:
Elyvilon


Innate Abilities, Weirdness & Mutations

You are partially covered in rough black scales (AC +4, Dex -1).
A weak demonic guardian rushes to your aid.


Message History

The gnoll is moderately wounded.
The gnoll barely misses you. The gnoll blocks your attack.
The gnoll is moderately wounded.
The gnoll closely misses you.
You hit the gnoll.
The gnoll is moderately wounded.
The gnoll barely misses you. The gnoll closely misses you.
You hit the gnoll but do no damage.
The gnoll is moderately wounded.
The gnoll hits you with a whip.
* * * LOW HITPOINT WARNING * * *
You hit the gnoll.
The gnoll is heavily wounded.
The gnoll hits you with a whip.
* * * LOW HITPOINT WARNING * * *
You hit the gnoll.
The gnoll is severely wounded.
The gnoll hits you with a whip!
You die...

####.##.#
########
#....##.#
.......#
#.#####.#
######.# #.#
##.## #.# #.#
##...## ####
#.# #.#
#.#.#.#
...###.# #.#
#...#.#
#...##.####.#
#..##.#
..#...)..##.#
##@..##
#...##....#.#
#g###
##.###......#
#.#
#.####...###
#.#
#...###.##
##.# ###.#
#.# #..# #.#
#.# #.## #.#
#.# #.# #.#
#.# #.#


You could see a gnoll.

Vanquished Creatures
  Jessica (D:2)
  Natasha (twice) (D:2)
  A gnoll (D:2)
  An adder (D:2)
  A giant gecko (D:2)
  2 ball pythons (D:1)
  A giant cockroach (D:1)
  5 goblins
  5 hobgoblins
  7 jackals
  9 bats
  A giant newt (D:2)
  8 kobolds
  8 rats
52 creatures vanquished.

Vanquished Creatures (collateral kills)
  Natasha (D:2)
  An adder (D:2)
  2 gnolls (D:2)
  3 goblins
  3 kobolds
10 creatures vanquished.

Grand Total: 62 creatures vanquished

Notes
Turn   | Place    | Note
--------------------------------------------------------------
     0 | D:1      | Herrn the Demonspawn Wanderer began the quest for the Orb.
     0 | D:1      | Herrn set off with: a box of beasts, a +0 mace, a scroll of teleportation, a +0 robe, a bread ration
     0 | D:1      | Reached XP level 1. HP: 16/16 MP: 1/1
   173 | D:1      | Gained mutation: You are partially covered in rough black scales (AC +4, Dex -1). [demonic ancestry]
   173 | D:1      | Reached XP level 2. HP: 2/22 MP: 2/2
   620 | D:1      | Reached skill level 3 in Maces & Flails
   900 | D:1      | Reached skill level 1 in Dodging
   900 | D:1      | Reached XP level 3. HP: 25/27 MP: 3/3
  1304 | D:2      | Noticed Natasha
  1319 | D:2      | Killed Natasha
  1319 | D:2      | Gained mutation: A weak demonic guardian rushes to your aid. [demonic ancestry]
  1319 | D:2      | Reached XP level 4. HP: 10/34 MP: 4/4
  1727 | D:2      | Found a white marble altar of Elyvilon.
  1737 | D:2      | Noticed Natasha
  1745 | D:2      | Killed Natasha
  1747 | D:2      | Found a faded altar to an unknown god.
  1750 | D:2      | Noticed Jessica
  1757 | D:2      | Noticed Natasha
  1771 | D:2      | Killed Natasha
  1777 | D:2      | Killed Jessica
  1777 | D:2      | Reached XP level 5. HP: 30/39 MP: 4/6
  2210 | D:1      | Slain by a gnoll

Vault maps used:
D:1:      dpeg_arrival_court
D:2:      lemuel_crystal_altar, marbit_many_paths, ecumenical_altar_2,
          uniq_jessica, uniq_natasha

Action                   |  1- 3 |  4- 6 || total
-------------------------+-------+-------++-------
Melee: Mace              |   140 |    96 ||   236
Evoke: Box of beasts     |     1 |       ||     1
  Use: Potion            |       |     3 ||     3
  Eat: Chunk             |     1 |     3 ||     4
